 Dungeon Crawl Stone Soup version 0.18-a0-1515-g333d932 (webtiles) character file.

148 MenacingMecha the Chucker (level 5, -6/50 HPs)
             Began as an Ogre Hunter on Mar 7, 2016.
             Killed by divine providence
             ... invoked by an orc priest
              (13 damage)
             ... on level 4 of the Dungeon.
             The game lasted 00:21:23 (3189 turns).

MenacingMecha the Chucker (Ogre Hunter)             Turns: 3189, Time: 00:21:24

Health: -6/50      AC:  4    Str: 18    XL:     5   Next: 30%
Magic:  5/5        EV:  5    Int: 10    God:
Gold:   127        SH:  0    Dex: 10    Spells: 0 memorised, 4 levels left

rFire  . . .     SeeInvis .     x - +0 mace
rCold  . . .     Gourm    .     b - +0 robe
rNeg   . . .     Faith    .     (no shield)
rPois  .         Spirit   .     (helmet restricted)
rElec  .         Dismiss  .     w - +0 cloak
rCorr  .         Reflect  .     (gloves unavailable)
SustAt .         Harm     .     (boots unavailable)
MR     .....                    (no amulet)
Stlth  +.........               (no ring)
                                (no ring)

@: not resistant to hostile enchantments, very unstealthy
A: unfitting armour, tough skin 1
a: no special abilities


You were on level 4 of the Dungeon.
You were not hungry.

You visited 1 branch of the dungeon, and saw 4 of its levels.

You collected 127 gold pieces.

Inventory:

Hand Weapons
 x - a +0 mace (weapon)
Missiles
 c - 2 large rocks (quivered)
 d - 2 throwing nets
 g - 2 steel tomahawks
 i - 113 stones
Armour
 b - a +0 robe (worn)
 w - a +0 cloak (worn)
Jewellery
 e - a cursed ring of teleportation {unknown}
 y - an uncursed ring of magical power {unknown}
Scrolls
 h - a scroll of enchant weapon {unknown}
 j - a scroll of fear {unknown}
 k - 3 scrolls of remove curse {unknown}
 l - 2 scrolls of magic mapping {unknown}
 m - a scroll of amnesia {unknown}
 p - 3 scrolls of teleportation {unknown}
 r - a scroll of identify {unknown}
 s - a scroll of noise {unknown}
 v - a scroll of recharging {unknown}
Potions
 n - a potion of invisibility {unknown}
 o - a potion of cancellation {unknown}
 q - a potion of curing {unknown}
 u - a potion of brilliance {unknown}
 z - 2 potions of flight {unknown}
Comestibles
 a - 2 beef jerkies
 f - 2 bread rations
 t - a fruit


   Skills:
 - Level 2.6 Fighting
 + Level 3.6 Maces & Flails
 + Level 5.6 Throwing
 - Level 1.7 Dodging
 - Level 0.7 Stealth


You had 4 spell levels left.
You didn't know any spells.

Dungeon Overview and Level Annotations

Branches:
Dungeon (4/15)
 Temple: D:4-7

Altars:
Ashenzari


Innate Abilities, Weirdness & Mutations

You are too large for most types of armour.
You have tough skin (AC +1).


Message History

The orc priest invokes the aid of Beogh against you.
Beogh smites you! The orc hits you but does no damage.
You barely miss the orc priest.
The orc priest is severely wounded.
The orc priest hits you with a hand axe of pain!
You writhe in agony.
The orc hits you with a dagger.
Throwing (i - inventory. (,) - cycle):
c - 3 large rocks (quivered)
Press: ? - help, Shift-Dir - straight line, f/p - orc priest
Aim: an orc priest, wielding a hand axe of pain (severely wounded)
You throw a large rock. The large rock hits the orc priest.
The orc priest is almost dead.
The orc wizard mumbles some strange words.
The orc wizard blinks!
The orc hits you with a dagger.
The orc priest mumbles some strange prayers to Beogh against you.
Pain shoots through your body!
* * * LOW HITPOINT WARNING * * *
The orc hits you but does no damage.
The orc priest calls down the wrath of Beogh upon you.
Beogh smites you!
You die...

....###.####
...........
...........
..........
##..$...o..
#..........
#...o......
#..@oO((...
#..oo...(..
#.........(
#$.........
#......o...
#..........
##.........
#.........


You could see an ogre, 2 orc priests, an orc wizard and 3 orcs.

Vanquished Creatures
  Crazy Yiuf (D:2)
  A gnoll (D:1)
  4 adders
  An ooze (D:3)
  2 worms
  2 giant geckos (D:3)
  3 orcs
  5 giant cockroaches
  5 goblins
  6 hobgoblins
  6 jackals
  7 kobolds
  A quokka (D:2)
  A ball python (D:3)
  10 bats
  4 giant newts
  4 rats
63 creatures vanquished.

Notes
Turn   | Place    | Note
--------------------------------------------------------------
     0 | D:1      | MenacingMecha the Ogre Hunter began the quest for the Orb.
     0 | D:1      | Reached XP level 1. HP: 22/22 MP: 1/1
   400 | D:1      | Reached XP level 2. HP: 29/29 MP: 2/2
   555 | D:1      | Reached skill level 1 in Maces & Flails
  1005 | D:1      | Reached XP level 3. HP: 34/36 MP: 3/3
  1199 | D:2      | Found a shattered altar of Ashenzari.
  1264 | D:2      | Reached skill level 5 in Throwing
  1374 | D:2      | Reached XP level 4. HP: 44/44 MP: 4/4
  2085 | D:2      | Noticed Crazy Yiuf
  2090 | D:2      | Killed Crazy Yiuf
  2557 | D:3      | Reached XP level 5. HP: 31/50 MP: 5/5
  3183 | D:4      | Noticed an ogre
  3189 | D:4      | Killed from afar by an orc priest

Vault maps used:
D:1:      tarquinn_simple_flora_water_d
D:2:      ashenzari_altar_1, uniq_crazy_yiuf_cottage
D:3:      serial_forest, infiniplex_forest_corner_1,
          infiniplex_forest_clump_cross, infiniplex_forest_end_double,
          infiniplex_forest_zigzag_1, infiniplex_forest_clump_large,
          infiniplex_forest_clump_C, infiniplex_forest_diagonal, first_bread
D:4:      gup_sewer_entry_bowl, serial_shops, shop, nicolae_shop_waterfront,
          shop, minmay_mini_ossuary

Skill      XL: |  1  2  3  4 |
---------------+-------------+-----
Maces & Flails | 1 2 3 |  3.6
Throwing       | 5 |  5.6
Fighting       | |  2.6
Dodging        | |  1.7
Stealth        | |  0.7

Action                   |  1- 3 |  4- 6 || total
-------------------------+-------+-------++-------
Melee: Short sword       |    27 |    23 ||    50
       Club              |    32 |       ||    32
       Whip              |     9 |     2 ||    11
       Mace              |       |    91 ||    91
Throw: Stone             |    26 |    65 ||    91
       Large rock        |     9 |     6 ||    15
 Stab: Sleeping          |       |     2 ||     2
  Eat: Chunk             |     1 |     6 ||     7
